 Dungeon Crawl Stone Soup version 0.29-a0-284-gf9362112df (webtiles) character file.

Game seed: 15631337113797250757

13294 freelancePsychic the Fighter (level 11, -9/144 HPs)
             Began as a Minotaur Chaos Knight on Mar 14, 2022.
             Was a Plaything of Xom.
             Mangled by a balrug
             ... wielding a +2 scythe of freezing
              (14 damage)
             ... in an ice cave.
             The game lasted 00:30:52 (13006 turns).

freelancePsychic the Fighter (MiCK)                Turns: 13006, Time: 00:30:56

Health: -9/144     AC: 28    Str: 20      XL:     11   Next: 73%
Magic:  10/10      EV:  2    Int: 10 (11) God:    Xom [...*..]
Gold:   445        SH: 14    Dex: 13      Spells: 10/10 levels left

rFire   + . .      SeeInvis .   b - +1 broad axe (freeze)
rCold   . . .      Faith    .   r - +2 kite shield {AC+3}
rNeg    . . .      Spirit   .   (body armour currently unavailable)
rPois   +          Reflect  .   (helmet currently unavailable)
rElec   .          Harm     .   (cloak currently unavailable)
rCorr   .          Rampage  .   (gloves currently unavailable)
Will    .....      NoTele   +   (boots currently unavailable)
Stlth   +.........              (no amulet)
HPRegen 0.34/turn               s - ring of fire
MPRegen 0.12/turn               D - ring of protection from cold

@: brilliant, tree-form, attractive, invisible, unable to read
A: stationary, stasis, torment immunity, boosted hp, (horns 2), (retaliatory
headbutt), (hooves 1), (iridescent scales 1), agile 1, clever 1, deterioration
1, frail 1, (shaggy fur 1), wild magic 1, inability to read while threatened,
MP-powered wands, (sturdy frame 1)
a: Renounce Religion


You were in an ice cave.
You worshipped Xom.
You were a favourite toy of Xom.
You were a tree.
You visited 2 branches of the dungeon, and saw 11 of its levels.
You also visited: Bailey and Ice Cave.

You collected 445 gold pieces.

Inventory:

Hand Weapons
 b - a +1 broad axe of freezing (weapon)
 m - a +3 war axe of flaming
Missiles
 i - 9 javelins
Armour
 f - a +1 plate armour (melded)
 l - a scarf of resistance (melded)
 r - a +2 kite shield of protection (worn)
 J - a +2 hat (melded)
 K - a +0 cloak
Jewellery
 a - the ring of Diadog {*Slow rC+ Str+5 Int+2}
   (You found it on level 10 of the Dungeon)

   [ring of protection from cold]

   Str:       It affects your strength (+5).
   Int:       It affects your intelligence (+2).
   rC:        It protects you from cold.
   *Slow:     It may slow you when you take damage.
 q - an amulet of faith
 s - a ring of fire (left branch)
 v - a ring of resist corrosion
 w - a ring of ice
 D - a ring of protection from cold (right branch)
 L - a ring of willpower
Wands
 j - a wand of digging (6)
 A - a wand of charming (7)
 C - a wand of iceblast (12)
 E - a wand of flame (22)
Scrolls
 d - 6 scrolls of teleportation {@r4}
 e - 3 scrolls of enchant armour
 h - 3 scrolls of enchant weapon
 u - a scroll of blinking
 y - 2 scrolls of immolation
 G - a scroll of noise
 I - 4 scrolls of identify {@r1}
Potions
 g - 2 potions of cancellation
 k - 5 potions of curing {@q1}
 t - a potion of brilliance
 z - a potion of invisibility
Miscellaneous
 c - a piece from Xom's chessboard (15/15) (quivered)
 M - a lightning rod (2/4)


   Skills:
 + Level 13.4 Fighting
 - Level 6.3 Short Blades
 + Level 11.1 Axes
 - Level 4.9 Armour
 - Level 1.1 Dodging
 + Level 12.1 Shields
 - Level 3.3 Evocations


You had 10 spell levels left.
You didn't know any spells.
Your spell library contained the following spells:

 Spells                   Type           Power      Damage    Failure   Level
 Blink                    Tloc           0%         N/A       82%         2
 Ignite Poison            Fire/Tmut/Pois 0%         N/A       95%         3
 Lesser Beckoning         Tloc           0%         N/A       95%         3
 Mephitic Cloud           Conj/Pois/Air  0%         N/A       95%         3
 Freezing Cloud           Conj/Ice/Air   0%         6-21      100%        5
 Manifold Assault         Tloc           0%         N/A       100%        5


Dungeon Overview and Level Annotations

Branches:
Dungeon (10/15)            Temple (0/1) D:7            Lair (0/6) D:9
    Orc (1/2) D:10         Bailey (visited)           IceCv (1/1)

Altars:
Cheibriados
Gozag
Makhleb
Ru
Trog
Uskayaw
Xom
Zin
The Shining One

Shops:
D:2 *   D:7 *   D:8 [   D:9 [

Annotations:
D:9 2 transporters


Innate Abilities, Weirdness & Mutations

You are a tree.
Your roots penetrate the ground, keeping you stationary.
You cannot be teleported.
You are immune to unholy pain and torment.
Your maximum health is greatly increased.
Your equipment is partially melded.
((You have a pair of horns on your head.))
((You reflexively headbutt those who attack you in melee.))
((You have large cloven feet.))
((You are partially covered in iridescent scales. (AC +2)))
You are agile. (Dex +2)
Your mind is acute. (Int +2)
Your body sometimes deteriorates upon taking damage.
You are frail. (-10% HP)
((You are covered in fur. (AC +1)))
Your spells are a little harder to cast, but a little more powerful.
You sometimes lose the ability to read scrolls when taking damage.
You expend magic power (3 MP) to strengthen your wands.
((Your movements are slightly less encumbered by armour. (ER -2)))


Message History

You feel clever all of a sudden.
Xom roars with laughter!
The balrug hits you but does no damage.
It was a potion of invisibility.
You fade into invisibility!
The balrug barely misses you.
It was a potion of lignification.
You turn into a tree.
Your scarf of resistance melds into your body.
Your +2 hat melds into your body.
Your +1 plate armour melds into your body.
You feel hot and cold all over.
Your roots penetrate the ground.
You block the balrug's attack.
Really quaff the potion of attraction?
You feel attractive to monsters.
The balrug hits you from afar with a +2 scythe of freezing.
* * * LOW HITPOINT WARNING * * *
You are engulfed in flames!
You resist.
* * * LOW HITPOINT WARNING * * *
The balrug freezes you.
* * * LOW HITPOINT WARNING * * *
The balrug is attracted toward you.
You barely miss the balrug. The balrug hits you but does no damage.
The balrug hits you with a +2 scythe of freezing.
* * * LOW HITPOINT WARNING * * *
You are engulfed in flames!
You resist.
* * * LOW HITPOINT WARNING * * *
The balrug freezes you.
* * * LOW HITPOINT WARNING * * *
You slice the balrug!! You freeze the balrug!
The balrug is heavily wounded.
The balrug barely misses you.
You slash the balrug! You freeze the balrug.
The balrug is severely wounded.
The balrug hits you but does no damage.
You closely miss the balrug.
The balrug is severely wounded.
The balrug hits you but does no damage.
The balrug hits you with a +2 scythe of freezing!
You die...
Xom laughs nastily!

#.+.........'.
#.#####'#####.
##.#.#.#.#.#.#.
######8.#'#'#.#'#'##
#.....2.#.........'.
#.#####.#.8.8.8.8.##
##.#[.)#.#...........
#⌠.2.⌠.#.'...........
##.#♣.}#.#...........
#.#####2#.8.8.8.8.##
#..2....#.........'.
######8.#'#'#.#'#'##
##.#.#.#.#.#.#.
#.#####'#####.
#.'.........'.
##############


You could see a balrug.

Vanquished Creatures
  Urug (D:10)
  2 wizards (D:7)
  A necromancer (D:9)
  2 cyclopes (Orc:1)
  2 ice statues (IceCv)
  2 unseen horrors (D:10)
  2 entropy weaver simulacra (IceCv)
  7 ice devils
  2 anaconda simulacra (IceCv)
  A freezing wraith (IceCv)
  2 trolls
  4 yaks
  A wyvern (D:10)
  4 dire elephant simulacra (IceCv)
  A basilisk (D:7)
  A warg (Orc:1)
  2 harpy simulacra (IceCv)
  An acid dragon (D:10)
  6 orc warriors
  2 sky beasts
  3 ice beasts
  A black bear (D:6)
  A centaur (D:10)
  2 phantoms (D:5)
  A kobold brigand (D:8)
  3 bullfrogs
  A scorpion (D:6)
  A cane toad simulacrum (IceCv)
  A wight (D:6)
  6 killer bees
  A howler monkey (D:9)
  2 jellies
  A gnoll shaman (D:10)
  8 orc priests
  4 hounds
  Jessica (D:2)
  3 iguanas
  Natasha (D:3)
  10 orc wizards
  5 yak simulacra (D:9)
  A polar bear simulacrum (D:9)
  A spriggan simulacrum (IceCv)
  3 wolf simulacra (D:9)
  12 gnolls
  A naga simulacrum (IceCv)
  An adder (D:3)
  2 shadow imps
  A white imp (IceCv)
  2 ufetubi
  2 worms
  5 dart slugs
  44 orcs
  8 endoplasms
  3 giant cockroaches
  11 goblins
  6 hobgoblins
  10 kobolds
  2 quokkas (D:1)
  3 ball pythons
  6 bats
  2 frilled lizards
  10 rats
  2 river rat simulacra (D:9)
240 creatures vanquished.

Vanquished Creatures (collateral kills)
  A two-headed ogre (D:8)
  A komodo dragon (D:9)
  An ice beast (D:7)
  An orc (D:8)
4 creatures vanquished.

Vanquished Creatures (others)
  3 killer bees (D:6)
  An orc wizard (D:3)
  An orc (D:3)
  4 plants (D:9)
9 creatures vanquished.

Grand Total: 253 creatures vanquished

Notes
Turn   | Place    | Note
-------+----------+-------------------------------------------
     0 | D:1      | freelancePsychic the Minotaur Chaos Knight began the quest
                  | for the Orb.
     0 | D:1      | Reached XP level 1. HP: 19/19 MP: 0/0
    37 | D:1      | XOM: divination: detect items
   250 | D:1      | Reached XP level 2. HP: 21/27 MP: 1/1
   272 | D:1      | Reached skill level 4 in Fighting
   273 | D:1      | XOM: silly message
   452 | D:1      | Reached XP level 3. HP: 25/33 MP: 2/2
   461 | D:1      | XOM: 8-stop teleportation journey
   626 | D:1      | Found a faded altar of an unknown god.
   897 | D:2      | Noticed Jessica
   899 | D:2      | XOM: noise
   904 | D:2      | Killed Jessica
   905 | D:2      | Reached skill level 5 in Axes
  1005 | D:2      | XOM: summons 4 hostile shadow creatures
  1115 | D:2      | XOM: summons 4 hostile shadow creatures
  1354 | D:2      | Found Deorir's General Store.
  1377 | D:2      | You fall into a shaft and drop 1 floor!
  1385 | D:3      | Reached XP level 4. HP: 41/41 MP: 3/3
  1479 | D:3      | XOM: 3-stop teleportation journey
  1792 | D:2      | Reached XP level 5. HP: 47/47 MP: 4/4
  1976 | D:2      | Found a sacrificial altar of Ru.
  2310 | D:3      | XOM: 1-stop teleportation journey
  2348 | D:3      | XOM: give mutations
  2348 | D:3      | Gained mutation: Your system is resistant to poisons.
                  | (rPois) [Xom's grace]
  2348 | D:3      | Gained mutation: Your movements are slightly less
                  | encumbered by armour. (ER -2) [Xom's grace]
  2348 | D:3      | Gained mutation: Your mind is acute. (Int +2) [Xom's grace]
  2348 | D:3      | Gained mutation: You have an increased reservoir of magic.
                  | (+10% MP) [Xom's grace]
  2370 | D:3      | XOM: 1-stop teleportation journey
  2446 | D:3      | Found an opulent altar of Gozag.
  2472 | D:3      | Reached skill level 5 in Fighting
  2472 | D:3      | Reached skill level 1 in Short Blades
  2648 | D:3      | Noticed Natasha
  2651 | D:3      | XOM: 1-stop teleportation journey
  2657 | D:3      | Killed Natasha
  2733 | D:3      | XOM: enchant monster (good)
  2835 | D:3      | Found a burning altar of Makhleb.
  2964 | D:3      | Noticed an ogre
  2972 | D:3      | XOM: butterfly on damage
  2979 | D:3      | XOM: enchant monster (good)
  3105 | D:2      | XOM: god gift: +3 glaive of protection
  3202 | D:4      | Reached XP level 6. HP: 56/56 MP: 5/5
  3601 | D:5      | Entered Level 5 of the Dungeon
  3619 | D:5      | XOM: divination: detect creatures
  3805 | D:5      | Found a shimmering altar of Xom.
  3805 | D:5      | Found a bloodstained altar of Trog.
  3819 | D:5      | Found a glowing silver altar of Zin.
  3850 | D:5      | XOM: god gift: +2 kite shield of protection
  3908 | D:5      | Reached skill level 6 in Fighting
  3992 | D:5      | Reached skill level 1 in Shields
  3992 | D:5      | Reached XP level 7. HP: 57/63 MP: 6/6
  4084 | D:5      | XOM: potion effect (might)
  4096 | D:5      | XOM: give mutation
  4096 | D:5      | Gained mutation: You are partially covered in iridescent
                  | scales. (AC +2) [Xom's mischief]
  4399 | D:5      | XOM: polymorph water moccasin -> ice beast
  4455 | D:6      | XOM: scenery: create altars
  4503 | D:6      | Found a glowing golden altar of the Shining One.
  4543 | D:6      | Reached skill level 7 in Fighting
  4584 | D:6      | XOM: confuse monster(s)
  4592 | D:6      | XOM: destruction
  4596 | D:6      | Reached XP level 8. HP: 73/73 MP: 7/7
  4604 | D:6      | Noticed a manticore
  4613 | D:6      | XOM: blink monster(s)
  4894 | D:7      | XOM: 2-stop teleportation journey
  4907 | D:7      | Reached skill level 5 in Short Blades
  4918 | D:7      | XOM: 1-stop teleportation journey
  4927 | D:7      | XOM: polymorph kobold brigand -> worm
  4966 | D:7      | Found a flagged portal.
  4976 | Bailey   | Entered a bailey
  5112 | D:7      | XOM: summons 5 hostile demons
  5139 | D:7      | Reached skill level 8 in Fighting
  5139 | D:7      | Reached skill level 5 in Shields
  5387 | D:7      | Found a staircase to the Ecumenical Temple.
  5507 | D:7      | XOM: summons 7 friendly demons
  5592 | D:7      | Noticed a wizard
  5594 | D:7      | XOM: confusion
  5614 | D:8      | XOM: summons 5 hostile demons
  5901 | D:8      | XOM: confusion (+ monsters)
  5904 | D:8      | XOM: swap monsters
  6115 | D:8      | Noticed a two-headed ogre
  6124 | D:8      | XOM: summons 8 friendly demons
  6125 | D:8      | XOM: give mutations
  6125 | D:8      | Gained mutation: You are frail. (-10% HP) [Xom's mischief]
  6125 | D:8      | Lost mutation: Your system is resistant to poisons. (rPois)
                  | [Xom's mischief]
  6125 | D:8      | Gained mutation: You sometimes lose the ability to read
                  | scrolls when taking damage. [Xom's mischief]
  6125 | D:8      | Gained mutation: Your body sometimes deteriorates upon
                  | taking damage. [Xom's mischief]
  6135 | D:8      | Killed a two-headed ogre
  6136 | D:8      | Reached skill level 9 in Fighting
  6136 | D:8      | Reached XP level 9. HP: 74/74 MP: 8/8
  6240 | D:8      | Noticed Psyche
  6240 | D:8      | Noticed Psyche
  6240 | D:8      | Psyche changed into Psyche the bullfrog
  6240 | D:8      | XOM: polymorph Psyche -> Psyche the bullfrog
  6243 | D:8      | Found Vakhlat's Antique Armour Emporium.
  6248 | D:8      | Killed Psyche the bullfrog
  6302 | D:8      | XOM: give mutation
  6302 | D:8      | Lost mutation: You have an increased reservoir of magic.
                  | (+10% MP) [Xom's mischief]
  6347 | D:8      | XOM: chaos upgrade
  6405 | D:8      | XOM: noise
  6465 | D:8      | Found a snail-covered altar of Cheibriados.
  6475 | D:8      | Noticed a troll
  6494 | D:8      | Killed a troll
  6566 | D:8      | XOM: 1-stop teleportation journey
  6704 | D:8      | XOM: god gift: 2 yellow potions {god gift}
  6983 | D:9      | Noticed a fire crab
  6988 | D:9      | Noticed a kobold demonologist
  6993 | D:9      | Found a transporter.
  6997 | D:9      | Found a transporter.
  7014 | D:9      | Found Lithin's Antique Armour Emporium.
  7039 | D:9      | XOM: summons 4 hostile shadow creatures
  7154 | D:8      | XOM: give mutations
  7154 | D:8      | Gained mutation: You are covered in fur. (AC +1) [Xom's
                  | grace]
  7154 | D:8      | Gained mutation: Your spells are a little harder to cast,
                  | but a little more powerful. [Xom's grace]
  7154 | D:8      | Gained mutation: You are agile. (Dex +2) [Xom's grace]
  7188 | D:9      | Noticed a troll
  7193 | D:9      | XOM: divination: magic mapping
  7196 | D:9      | XOM: give mutations
  7196 | D:9      | Gained mutation: You have large cloven feet. [Xom's grace]
  7196 | D:9      | Gained mutation: You expend magic power (3 MP) to
                  | strengthen your wands. [Xom's grace]
  7196 | D:9      | Gained mutation: You passively map a small area around you.
                  | [Xom's grace]
  7202 | D:9      | Killed a troll
  7453 | D:9      | Found a hide-covered altar of Uskayaw.
  7493 | D:9      | Reached skill level 10 in Fighting
  7727 | D:9      | Found a staircase to the Lair.
  7728 | D:9      | Noticed a komodo dragon
  7735 | D:9      | XOM: summons friendly ufetubus
  7739 | D:9      | XOM: butterfly on damage
  7740 | D:9      | XOM: enchant monster (good)
  7770 | D:9      | XOM: summons 3 friendly demons
  7774 | D:9      | Killed a komodo dragon
  8062 | D:9      | Noticed a kobold demonologist
  8062 | D:9      | Noticed a kobold demonologist
  8063 | D:9      | Noticed a kobold demonologist
  8066 | D:9      | Noticed an orc sorcerer
  8102 | D:9      | Noticed a necromancer
  8261 | D:7      | Found Kirheg's Gadget Gallery.
  8366 | D:7      | Killed a wizard
  8367 | D:7      | Reached skill level 1 in Evocations
  8367 | D:7      | Reached XP level 10. HP: 82/84 MP: 9/9
  8403 | D:7      | XOM: god gift: scroll labelled OMEIHU EMINEMP {god gift}
  8594 | D:7      | Noticed a wizard
  8597 | D:7      | Killed a wizard
  8653 | D:7      | XOM: divination: detect creatures
  8896 | D:9      | XOM: potion effect (might)
  8897 | D:9      | XOM: divination: detect creatures
  8971 | D:8      | XOM: silly message
  9071 | D:9      | XOM: smoke on damage
  9075 | D:9      | Killed a necromancer
  9076 | D:9      | Reached skill level 11 in Fighting
  9164 | D:9      | XOM: divination: magic mapping
  9383 | D:9      | XOM: divination: magic mapping
  9502 | D:9      | XOM: silly message
  9556 | D:10     | Entered Level 10 of the Dungeon
  9560 | D:10     | XOM: noise
  9561 | D:10     | XOM: cast spell 'Summon Small Mammal'
  9565 | D:10     | Noticed Urug
  9579 | D:10     | XOM: enchant monster (bad)
  9781 | D:10     | XOM: silly message
  9786 | D:10     | XOM: silly message
  9794 | D:10     | XOM: enchant monster (bad)
  9799 | D:10     | HP: 1/86 [Urug/+3 war axe of flaming (9)]
  9808 | D:10     | Killed Urug
  9809 | D:10     | Reached skill level 10 in Shields
 10001 | D:10     | Found a staircase to the Orcish Mines.
 10002 | D:10     | XOM: confuse monster(s)
 10010 | D:10     | XOM: chaos upgrade
 10021 | D:10     | Reached skill level 12 in Fighting
 10205 | D:10     | XOM: noise
 10375 | D:10     | XOM: cast spell 'Summon Hydra'
 10755 | D:10     | XOM: divination: detect items
 10775 | D:10     | Identified the ring of Diadog {*Slow rC+ Str+5 Int+2}
 10842 | D:10     | Reached XP level 11. HP: 72/93 MP: 10/10
 11182 | Orc:1    | Entered Level 1 of the Orcish Mines
 11322 | Orc:1    | XOM: potion effect (might)
 11323 | Orc:1    | XOM: potion effect (haste)
 11326 | Orc:1    | XOM: potion effect (brilliance)
 11371 | Orc:1    | Found a frozen archway.
 11377 | Orc:1    | XOM: potion effect (berserk rage)
 11378 | Orc:1    | XOM: silly message
 11459 | Orc:1    | XOM is BORED!
 11459 | Orc:1    | XOM: silly message
 11543 | IceCv    | Entered an ice cave
 11622 | IceCv    | Reached skill level 10 in Axes
 11644 | IceCv    | XOM: potion effect (brilliance)
 11767 | IceCv    | XOM: potion effect (might)
 11770 | IceCv    | XOM: divination: detect items
 11780 | IceCv    | XOM: butterfly on damage
 11781 | IceCv    | XOM: divination: detect items
 11990 | IceCv    | XOM: scenery: 1 fountains blood, 1 doors close
 12034 | IceCv    | Reached skill level 13 in Fighting
 12103 | IceCv    | XOM: fake destruction
 12186 | IceCv    | XOM: confusion (+ monsters)
 12646 | IceCv    | XOM: silly message
 12886 | IceCv    | XOM: give mutation
 12886 | IceCv    | Lost mutation: You passively map a small area around you.
                  | [Xom's mischief]
 12960 | IceCv    | Noticed a reaper
 12967 | IceCv    | XOM: butterfly on damage
 12979 | IceCv    | Noticed a balrug
 12979 | IceCv    | a reaper changed into a balrug
 12979 | IceCv    | XOM: polymorph reaper -> balrug
 12982 | IceCv    | XOM: cast spell 'Metabolic Englaciation'
 13003 | IceCv    | HP: 6/144 [balrug/+2 scythe of freezing (11)]
 13006 | IceCv    | Mangled by a balrug

Illustrated notes

Levels and vault maps discovered:
D:1:      amcnicky_arrival_flooded_fountain, layout_loops_cross,
          basic_ecumenical_altar
D:2:      layout_basic, basic_altar, serial_shops, shop, chequers_mini_garden,
          minmay_rat_gold_closets, uniq_jessica
D:3:      layout_loops_corners, overflow_temple_1_default,
          mainiacjoe_overflow_brackets, uniq_natasha
D:4:      layout_cave_pools, kennysheep_decorative_pillar
D:5:      layout_cave_pools, zin_scriptorium, gammafunk_temple_overflow_elements
D:6:      minmay_diamond_boxcup, layout_basic,
          mainiacjoe_overflow_surrounded_room, grunt_temple_overflow_open,
          minmay_puff
D:7:      cheibrodos_wizards_tower, layout_loops_corners, temple_green,
          enter_bailey_3, chequers_serial_rivers_room_b, nicolae_shop_gadgets
D:8:      layout_cave_pools, marbit_many_paths, serial_shops, shop,
          lightli_orcish_oven, uniq_psyche
D:9:      gammafunk_wand_slinger, layout_basic, general_overflow_altar,
          david_lair_shrubbed, serial_shops, nicolae_stop_n_shop_1,
          minmay_misc_feat_encased, eino_house_with_fridge
D:10:     layout_loops_ring, david_orc_3, uniq_urug
Orc:1:    layout_diamond_mine, portal_ice_cave_demonic_guard
IceCv:    ice_cave_tombish

Skill      XL: |  1  2  3  4  5  6  7  8  9 10 11 |
---------------+----------------------------------+-----
Axes           | 4 5 6 8 9 11 | 11.1
Fighting       | 4 5 6 7 9 10 12 13 | 13.4
Armour         | 3 4 |  4.9
Short Blades   | 2 3 4 6 |  6.3
Shields        | 1 3 6 8 10 12 | 12.1
Evocations     | 1 3 |  3.3
Dodging        | |  1.1

Action                   |  1- 3 |  4- 6 |  7- 9 | 10-12 || total
-------------------------+-------+-------+-------+-------++-------
Melee: Hand axe          |    59 |    17 |       |       ||    76
       Headbutt          |     5 |    38 |    73 |    89 ||   205
       Dagger            |       |   161 |   343 |   108 ||   612
       Kick              |       |       |    25 |   119 ||   144
       War axe           |       |       |       |   205 ||   205
       Broad axe         |       |       |       |     4 ||     4
Evoke: Piece from Xom's  |       |    10 |     6 |     3 ||    19
       Wand              |       |     1 |     2 |     3 ||     6
       Lightning rod     |       |       |       |     3 ||     3
  Use: Scroll            |     2 |     6 |    13 |     3 ||    24
       Potion            |       |       |     2 |    13 ||    15
 Stab: Sleeping          |       |     1 |       |       ||     1
       Confused          |       |       |       |     1 ||     1
Armor: Leather armour    |     9 |       |       |       ||     9
       Plate armour      |    30 |    84 |   197 |   159 ||   470
       Skin              |       |       |       |     3 ||     3
Dodge: Dodged            |    26 |    35 |    65 |    48 ||   174
Block: Kite shield       |       |    10 |   173 |   169 ||   352

Table legend: (Time is in decaauts)
 A = Elapsed time spent in this place.
 B = Non-inter-level travel time spent in this place.
 C = Inter-level travel time spent in this place.
 D = Time resting spent in this place.
 E = Time spent auto-exploring this place.
 F = Levels seen in this place.
 G = Mean time per level.
                   A        B        C        D        E       F      G
               +--------+--------+--------+--------+--------+-----+--------+
         Total |  12944 |  12650 |    294 |   2125 |   8146 |  13 |  995.7 |
       Dungeon |  11004 |  10710 |    294 |   1420 |   7365 |  10 | 1100.4 |
  Orcish Mines |    356 |    356 |      0 |    162 |    113 |   1 |  356.0 |
        Bailey |    111 |    111 |      0 |      0 |     46 |   1 |  111.0 |
      Ice Cave |   1471 |   1471 |      0 |    542 |    622 |   1 | 1471.0 |
               +--------+--------+--------+--------+--------+-----+--------+

Top non-repeatable levels by time:
     D:9: 1790 daAuts
     D:8: 1525 daAuts
     D:7: 1513 daAuts
   IceCv: 1471 daAuts
    D:10: 1288 daAuts
     D:3: 1168 daAuts
     D:1: 1114 daAuts
     D:5: 1034 daAuts
     D:2: 904 daAuts
     D:4: 426 daAuts
   Orc:1: 356 daAuts
     D:6: 238 daAuts
  Bailey: 111 daAuts
